 Dungeon Crawl Stone Soup version 0.32-a0-921-g04a7ad8e02 (webtiles) character file.

Game seed: 7197878056795703968

196 Autsider the Chopper (level 6, -1/49 HPs)
             Began as a Formicid Fighter on Apr 11, 2024.
             Slain by Duvessa
             ... wielding a +0 short sword
              (15 damage)
             ... on level 4 of the Dungeon.
             The game lasted 00:05:38 (2598 turns).

Autsider the Chopper (Formicid Fighter)             Turns: 2598, Time: 00:05:39

Health: -1/49      AC: 13    Str: 22    XL:     6   Next: 4%
Magic:  6/6        EV:  7    Int:  8    God:
Gold:   158        SH:  4    Dex: 13    Spells: 5/5 levels left

rFire   . . .        f - +5 battleaxe (venom)
rCold   . . .        c - +0 buckler
rNeg    . . .        h - +0 chain mail
rPois   +            (helmet unavailable)
rElec   .            o - +2 cloak
rCorr   .            v - +0 pair of gloves
SInv    +            (no boots)
Will    .....        (no amulet) Stlth
                     g - ring of poison resistance
HPRegen 0.28/turn    (no ring)
MPRegen 0.10/turn

%: no passive effects
@: no status effects
A: permanent stasis, dig shafts and tunnels, antennae 3, four strong arms
a: Dig, Shaft Self


You were on level 4 of the Dungeon.
You visited 1 branch of the dungeon, and saw 4 of its levels.

You collected 158 gold pieces.

Inventory:

Hand Weapons
 f - a +5 battleaxe of venom (weapon)
Missiles
 r - 3 poisoned darts (quivered)
Armour
 c - a +0 buckler (worn)
 h - a +0 chain mail (worn)
 o - a +2 cloak (worn)
 v - a +0 pair of gloves (worn)
Jewellery
 g - a ring of poison resistance (left hand)
Wands
 q - a wand of charming (9)
Scrolls
 e - a scroll of identify {@r1}
 n - a scroll of summoning
Potions
 d - 2 potions of might
 i - a potion of heal wounds {unknown}
 k - 2 potions of enlightenment
 l - a potion of brilliance {unknown}
 m - 3 potions of curing
 s - a potion of haste {unknown}
 t - a potion of ambrosia {unknown}


   Skills:
 + Level 4.7 Fighting
 * Level 4.7 Axes
 + Level 3.5 Armour
 - Level 4.0 Shields


You had 5 spell levels left.
You didn't know any spells.
Your spell library contained the following spells:

 Spells                   Type           Power      Damage    Failure   Level
 Magic Dart               Conj           0%         1d3       98%         1
 Searing Ray              Conj           0%         2d4       99%         2
 Static Discharge         Conj/Air       0%         3-3/arc   99%         2
 Call Canine Familiar     Summ           0%         N/A       100%        3
 Sigil of Binding         Hex            0%         N/A       100%        3
 Airstrike                Air            0%         2d(0-16)  100%        4
 Dimensional Bullseye     Hex/Tloc       0%         N/A       100%        4
 Fulminant Prism          Conj/Alch      0%         3d5       100%        4
 Summon Lightning Spire   Summ/Air       0%         N/A       100%        4


Dungeon Overview and Level Annotations

Branches:
Dungeon (4/15)
 Temple: D:4-7

Altars:
Cheibriados
Dithmenos
Elyvilon
Gozag
Nemelex Xobeh
Okawaru
Trog
Yredelemnul

Annotations:
D:4 Duvessa


Innate Abilities, Weirdness & Mutations

You cannot be hasted, slowed, berserked, paralysed or teleported.
You can dig through walls and to a lower floor.
You have a pair of large antennae on your head. (SInv)
Your four strong arms can wield two-handed weapons with a shield.


Message History

You feel a strange sense of stasis.
It was a scroll of teleportation.
You drop a scroll of teleportation {@r2}.
A dart slug comes into view.
The dart slug launches a dart at you. The slug dart hits you.
You slice the dart slug!!
You kill the dart slug!
No target in view!
No target in view!
No target in view!
No target in view!
Duvessa, Sister of Dowan comes into view.
She is wielding a +0 short sword.
Duvessa shouts!
Duvessa goes berserk!
You slash Duvessa!
Duvessa is poisoned.
Duvessa is lightly wounded.
Duvessa hits you with a +0 short sword!
Duvessa hits you with a +0 short sword. x2
You barely miss Duvessa.
Duvessa is moderately wounded.
Duvessa hits you with a +0 short sword!
* * * LOW HITPOINT WARNING * * *
Duvessa hits you but does no damage.
You barely miss Duvessa.
Duvessa is moderately wounded.
Duvessa hits you with a +0 short sword.
* * * LOW HITPOINT WARNING * * *
Duvessa hits you but does no damage.
You closely miss Duvessa.
Duvessa is moderately wounded.
Duvessa barely misses you. Duvessa hits you but does no damage.
You slash Duvessa!
Duvessa looks as sick as possible!
Duvessa is heavily wounded.
Duvessa hits you with a +0 short sword!
* * * LOW HITPOINT WARNING * * *
You block Duvessa's attack. Duvessa hits you with a +0 short sword.
* * * LOW HITPOINT WARNING * * *
You hit Duvessa.
Duvessa is severely wounded.
Duvessa barely misses you. Duvessa hits you with a +0 short sword!
You die...

##### #...####### #
###..........
#...########.......####.
#.....e@...........###..
....########............
# ###...#####.. #...#
##. ##.#######.
#.###..... #.........
#####.#### ####.....


You could see Duvessa (berserk, extremely poisoned).

Vanquished Creatures
  Dowan (D:4)
  A bombardier beetle (D:3)
  An orc priest (D:3)
  2 adders
  2 dart slugs
  4 orcs (D:3)
  4 endoplasms
  A giant cockroach (D:1)
  7 goblins
  6 hobgoblins
  2 jackals (D:1)
  A quokka (D:1)
  7 ball pythons
  8 bats
  4 frilled lizards
  3 kobolds
  8 rats
62 creatures vanquished.

Vanquished Creatures (others)
  An arcanist (D:4)
1 creature vanquished.

Grand Total: 63 creatures vanquished

Notes
Turn   | Place    | Note
-------+----------+-------------------------------------------
     0 | D:1      | Autsider the Formicid Fighter began the quest for the Orb.
     0 | D:1      | Reached XP level 1. HP: 18/18 MP: 1/1
    60 | D:1      | Reached XP level 2. HP: 23/24 MP: 2/2
   740 | D:2      | Reached XP level 3. HP: 23/30 MP: 3/3
  1106 | D:2      | Found a faded altar of an unknown god.
  1186 | D:2      | Reached XP level 4. HP: 36/37 MP: 4/4
  1504 | D:3      | Found an iron altar of Okawaru.
  1567 | D:3      | Reached XP level 5. HP: 39/42 MP: 5/5
  1904 | D:3      | Found a white marble altar of Elyvilon.
  2118 | D:3      | Found a faded altar of an unknown god.
  2118 | D:3      | Found an opulent altar of Gozag.
  2132 | D:3      | Found a sparkling altar of Nemelex Xobeh.
  2134 | D:3      | Found a shadowy altar of Dithmenos.
  2136 | D:3      | Found a snail-covered altar of Cheibriados.
  2290 | D:3      | Found a basalt altar of Yredelemnul.
  2370 | D:4      | Noticed Dowan
  2400 | D:4      | Killed Dowan
  2401 | D:4      | Reached XP level 6. HP: 40/49 MP: 6/6
  2471 | D:4      | Found a bloodstained altar of Trog.
  2480 | D:4      | Noticed a wizard
  2484 | D:4      | Killed a wizard
  2544 | D:4      | Identified a scroll of acquirement
  2545 | D:4      | Acquired a +3 battleaxe of venom
  2589 | D:4      | Noticed Duvessa
  2598 | D:4      | Slain by Duvessa

Illustrated notes

Levels and vault maps discovered:
D:1:      minmay_arrival_solitary_statue, layout_loops_ring,
          serial_bayou_crossing
D:2:      layout_rooms, basic_ecumenical_altar
D:3:      layout_loops_cross, kennysheep_ying_yang,
          chequers_temple_overflow_minitemple, okawaru_trees_2
D:4:      layout_loops_ring, trog_wizard, uniq_duvessa

Skill      XL: |  1  2  3  4 |
---------------+-------------+-----
Axes           | 3 4 |  4.7
Fighting       | 4 |  4.7
Armour         | |  3.5
Shields        | |  4.0

Action                     |  1- 3 |  4- 6 || total
---------------------------+-------+-------++-------
  Melee: War axe           |    98 |    76 ||   174
         Battleaxe         |       |     7 ||     7
    Use: Scroll            |       |     8 ||     8
 Armour: Scale mail        |    18 |       ||    18
         Chain mail        |    59 |    85 ||   144
  Dodge: Dodged            |    34 |    36 ||    70
  Block: Buckler           |    23 |    17 ||    40

Table legend: (Time is in decaauts)
 A = Elapsed time spent in this place.
 B = Non-inter-level travel time spent in this place.
 C = Inter-level travel time spent in this place.
 D = Time resting spent in this place.
 E = Time spent auto-exploring this place.
 F = Levels seen in this place.
 G = Mean time per level.
                   A        B        C        D        E       F      G
               +--------+--------+--------+--------+--------+-----+--------+
         Total |   2670 |   2566 |    104 |     27 |   2007 |   4 |  667.5 |
       Dungeon |   2670 |   2566 |    104 |     27 |   2007 |   4 |  667.5 |
               +--------+--------+--------+--------+--------+-----+--------+

Top non-repeatable levels by time:
     D:3: 1012 daAuts
     D:1: 754 daAuts
     D:2: 630 daAuts
     D:4: 273 daAuts
